TOP OF THE 1ST |
Nashville G-Strings batting - Pitching for Boston Rebels : RHP John Foster
|
Pitching: RHP John Foster
|
|
Batting: RHB Eric Thompson
|
0-0: Called Strike 0-1: Called Strike 0-2: Ball 1-2: Foul Ball, location: 2F 1-2: Ball 2-2: Ball 3-2: Ground out 6-3 (Groundball, 6)
|
Batting: SHB Ricardo Arévalo
|
0-0: Ball 1-0: Ball 2-0: Ball 3-0: Base on Balls
|
Batting: RHB Sergio Márquez
|
0-0: Ball 1-0: Foul Ball, location: 2F 1-1: Ball 2-1: SINGLE (Flyball, 89S) Ricardo Arévalo to second
|
Batting: SHB Rob Grun
|
0-0: SINGLE (Groundball, 4MD) Ricardo Arévalo to third Sergio Márquez to second
|
Batting: LHB Bob Cunningham
|
0-0: Ball 1-0: Ball 2-0: Ball 3-0: Base on Balls Ricardo Arévalo scores Sergio Márquez to third Rob Grun to second
|
Batting: RHB Wilfred Martin
|
0-0: Foul Ball, location: 2F 0-1: SINGLE (Line Drive, 78S) Sergio Márquez scores Rob Grun to third Bob Cunningham to second Runner from 3rd tries for Home, SAFE, no throw
|
Batting: RHB Jesús Cabrera
|
0-0: Called Strike 0-1: Ball 1-1: Ball 2-1: Ball 3-1: Called Strike 3-2: Foul Ball, location: 2F 3-2: Foul Ball, location: 2F 3-2: Strikes out looking
|
Batting: LHB Miguel Rivería
|
0-0: Ball 1-0: Swinging Strike 1-1: Ball 2-1: SINGLE (Groundball, 4D) Bob Cunningham to third Wilfred Martin to second Runner from 3rd tries for Home, SAFE, no throw
|
Batting: LHB Richard Olvera
|
0-0: Called Strike 0-1: Ball 1-1: Foul Ball, location: 2F 1-2: Ball 2-2: Strikes out swinging
|
Top of the 1st over - 4 runs, 4 hits, 0 errors, 2 left on base; Nashville 4 - Boston 0 |
BOTTOM OF THE 1ST |
Boston Rebels batting - Pitching for Nashville G-Strings : LHP Kip Manning
|
Pitching: LHP Kip Manning
|
|
Batting: LHB Frank Jackson
|
0-0: Called Strike 0-1: Swinging Strike 0-2: Foul Ball, location: 2F 0-2: Fly out, F6 (Flyball, 56D)
|
Batting: RHB Randy Simons
|
0-0: Ball 1-0: Foul Ball, location: 2F 1-1: Ground out 6-3 (Groundball, 56)
|
Batting: LHB Ricardo Brandariz
|
0-0: Ball 1-0: Foul Ball, location: 2F 1-1: Ball 2-1: Ball 3-1: Base on Balls
|
Batting: RHB Tony Long
|
0-0: Ball 1-0: Fielders Choice at 2nd, 5-4 (Groundball, 5)
|
Bottom of the 1st over - 0 runs, 0 hits, 0 errors, 1 left on base; Nashville 4 - Boston 0 |
TOP OF THE 2ND |
Nashville G-Strings batting - Pitching for Boston Rebels : RHP John Foster
|
Batting: RHB Eric Thompson
|
0-0: Ball 1-0: Called Strike 1-1: Ground out 4-3 (Groundball, 4)
|
Batting: SHB Ricardo Arévalo
|
0-0: Ball 1-0: Foul Ball, location: 2F 1-1: Foul Ball, location: 2F 1-2: Foul Ball, location: 2F 1-2: Ball 2-2: Strikes out looking
|
Batting: RHB Sergio Márquez
|
0-0: Ball 1-0: Swinging Strike 1-1: Ball 2-1: Fly out, F8 (Flyball, 8LS)
|
Top of the 2nd over - 0 runs, 0 hits, 0 errors, 0 left on base; Nashville 4 - Boston 0 |
BOTTOM OF THE 2ND |
Boston Rebels batting - Pitching for Nashville G-Strings : LHP Kip Manning
|
Batting: LHB Gabriel Aragón
|
0-0: Ball 1-0: Foul Ball, location: 2F 1-1: Foul Ball, location: 2F 1-2: Ball 2-2: SINGLE (Line Drive, 4MD)
|
Batting: RHB Yaichiro Sugahara
|
0-0: Ball 1-0: Ball 2-0: Ball 3-0: Base on Balls Gabriel Aragón to second
|
Batting: RHB Ed Watkins
|
0-0: Ball 1-0: Fly out, F5 (Line Drive, 5)
|
Batting: RHB David Rodríguez
|
0-0: Ball 1-0: Ball 2-0: Swinging Strike 2-1: Called Strike 2-2: Grounds into double play, 6-4-3 (Groundball, 6)
|
Bottom of the 2nd over - 0 runs, 1 hit, 0 errors, 1 left on base; Nashville 4 - Boston 0 |
TOP OF THE 3RD |
Nashville G-Strings batting - Pitching for Boston Rebels : RHP John Foster
|
Batting: SHB Rob Grun
|
0-0: Ball 1-0: Ball 2-0: Called Strike 2-1: Called Strike 2-2: SOLO HOME RUN (Flyball, 9LD), Distance : 333 ft
|
Batting: LHB Bob Cunningham
|
0-0: Foul Ball, location: 2F 0-1: Ground out 4-3 (Groundball, 4)
|
Batting: RHB Wilfred Martin
|
0-0: Fly out, F4 (Line Drive, 4)
|
Batting: RHB Jesús Cabrera
|
0-0: Ball 1-0: Swinging Strike 1-1: Fly out, F9 (Flyball, 9LM)
|
Top of the 3rd over - 1 run, 1 hit, 0 errors, 0 left on base; Nashville 5 - Boston 0 |
BOTTOM OF THE 3RD |
Boston Rebels batting - Pitching for Nashville G-Strings : LHP Kip Manning
|
Batting: SHB Ismael Sánchez
|
0-0: Called Strike 0-1: Ground out 6-3 (Groundball, 6M)
|
Batting: LHB Frank Jackson
|
0-0: Called Strike 0-1: Swinging Strike 0-2: Ball 1-2: Foul Ball, location: 2F 1-2: Strikes out looking
|
Batting: RHB Randy Simons
|
0-0: Called Strike 0-1: Ball 1-1: Ball 2-1: Foul Ball, location: 2F 2-2: Foul Ball, location: 2F 2-2: Ball 3-2: Base on Balls
|
Batting: LHB Ricardo Brandariz
|
0-0: Called Strike 0-1: Ball 1-1: Called Strike 1-2: Ball 2-2: Ball 3-2: Strikes out swinging
|
Bottom of the 3rd over - 0 runs, 0 hits, 0 errors, 1 left on base; Nashville 5 - Boston 0 |
TOP OF THE 4TH |
Nashville G-Strings batting - Pitching for Boston Rebels : RHP John Foster
|
Batting: LHB Miguel Rivería
|
0-0: Swinging Strike 0-1: SINGLE (Groundball, 4D)
|
Batting: LHB Richard Olvera
|
0-0: Ball 1-0: Called Strike 1-1: Fielders Choice at 2nd, 1-6 (Groundball, 13S)
|
Batting: RHB Eric Thompson
|
0-0: Ball 1-0: Ball 2-0: Foul Ball, location: 2F 2-1: SINGLE (Line Drive, 56D) Richard Olvera to second
|
Batting: SHB Ricardo Arévalo
|
0-0: Called Strike 0-1: Foul Ball, location: 2F 0-2: Strikes out looking
|
Batting: RHB Sergio Márquez
|
0-0: Ball 1-0: Foul Ball, location: 2F 1-1: SINGLE (Flyball, 89M) Richard Olvera to third Eric Thompson to second Runner from 3rd tries for Home, SAFE, no throw
|
Batting: SHB Rob Grun
|
0-0: Fielders Choice at 2nd, 6-4 (Groundball, 6)
|
Top of the 4th over - 1 run, 3 hits, 0 errors, 2 left on base; Nashville 6 - Boston 0 |
BOTTOM OF THE 4TH |
Boston Rebels batting - Pitching for Nashville G-Strings : LHP Kip Manning
|
Batting: RHB Tony Long
|
0-0: Called Strike 0-1: SINGLE (Flyball, 7LS)
|
Batting: LHB Gabriel Aragón
|
0-0: Called Strike 0-1: Swinging Strike 0-2: Foul Ball, location: 2F 0-2: Ground out 4-3 (Groundball, 34) Tony Long to second
|
Batting: RHB Yaichiro Sugahara
|
0-0: Called Strike 0-1: Ball 1-1: Foul Ball, location: 2F 1-2: Ball Wild Pitch! Tony Long to third 2-2: Foul Ball, location: 2F 2-2: SINGLE (Groundball, 4MD) Tony Long scores
|
Batting: RHB Ed Watkins
|
0-0: Swinging Strike 0-1: Foul Ball, location: 2F 0-2: Grounds into double play, 6-4-3 (Groundball, 6)
|
Bottom of the 4th over - 1 run, 2 hits, 0 errors, 0 left on base; Nashville 6 - Boston 1 |
TOP OF THE 5TH |
Nashville G-Strings batting - Pitching for Boston Rebels : RHP John Foster
|
Batting: LHB Bob Cunningham
|
0-0: Fly out, F9 (Line Drive, 9)
|
Batting: RHB Wilfred Martin
|
0-0: SINGLE (Flyball, 78S)
|
Pitching: LHP Leonard Horton
|
|
Batting: RHB Jesús Cabrera
|
0-0: Called Strike 0-1: Ball 1-1: Fielders Choice at 2nd, 1-6 (Groundball, 13S)
|
Batting: LHB Miguel Rivería
|
0-0: Fly out, F3 (Popup, 23)
|
Top of the 5th over - 0 runs, 1 hit, 0 errors, 1 left on base; Nashville 6 - Boston 1 |
BOTTOM OF THE 5TH |
Boston Rebels batting - Pitching for Nashville G-Strings : LHP Kip Manning
|
Batting: RHB David Rodríguez
|
0-0: Ball 1-0: Ground out 4-3 (Groundball, 4)
|
Batting: SHB Ismael Sánchez
|
0-0: Ball 1-0: Called Strike 1-1: Ball 2-1: Called Strike 2-2: Strikes out swinging
|
Batting: LHB Frank Jackson
|
0-0: Ball 1-0: Called Strike 1-1: Ball 2-1: Ground out 3-1 (Groundball, 34)
|
Bottom of the 5th over - 0 runs, 0 hits, 0 errors, 0 left on base; Nashville 6 - Boston 1 |
TOP OF THE 6TH |
Nashville G-Strings batting - Pitching for Boston Rebels : LHP Leonard Horton
|
Batting: LHB Richard Olvera
|
0-0: Called Strike 0-1: Ball 1-1: Swinging Strike 1-2: Strikes out swinging
|
Batting: RHB Eric Thompson
|
0-0: Foul Ball, location: 2F 0-1: Foul Ball, location: 2F 0-2: Ball 1-2: Ground out 6-3 (Groundball, 6)
|
Batting: SHB Ricardo Arévalo
|
0-0: Swinging Strike 0-1: Swinging Strike 0-2: Ball 1-2: Foul Ball, location: 2F 1-2: Fly out, F8 (Flyball, 8RXD)
|
Top of the 6th over - 0 runs, 0 hits, 0 errors, 0 left on base; Nashville 6 - Boston 1 |
BOTTOM OF THE 6TH |
Boston Rebels batting - Pitching for Nashville G-Strings : LHP Kip Manning
|
Batting: RHB Randy Simons
|
0-0: Ball 1-0: Swinging Strike 1-1: Ball 2-1: Swinging Strike 2-2: Ball 3-2: Fly out, F9 (Flyball, 9LM)
|
Batting: LHB Ricardo Brandariz
|
0-0: Called Strike 0-1: Ball 1-1: Foul Ball, location: 2F 1-2: Strikes out swinging
|
Batting: RHB Tony Long
|
0-0: Called Strike 0-1: Ball 1-1: Foul Ball, location: 2F 1-2: Strikes out swinging
|
Bottom of the 6th over - 0 runs, 0 hits, 0 errors, 0 left on base; Nashville 6 - Boston 1 |
TOP OF THE 7TH |
Nashville G-Strings batting - Pitching for Boston Rebels : LHP Leonard Horton
|
Batting: RHB Sergio Márquez
|
0-0: Foul Ball, location: 2F 0-1: Ball 1-1: Foul Ball, location: 2F 1-2: Foul Ball, location: 2F 1-2: Ball 2-2: Foul Ball, location: 2F 2-2: Fly out, F7 (Line Drive, 78M)
|
Batting: SHB Rob Grun
|
0-0: Ball 1-0: Ball 2-0: Fly out, F9 (Flyball, 9LS)
|
Batting: LHB Bob Cunningham
|
0-0: Called Strike 0-1: Foul Ball, location: 2F 0-2: Foul Ball, location: 2F 0-2: Foul Ball, location: 2F 0-2: Ball 1-2: Strikes out looking
|
Top of the 7th over - 0 runs, 0 hits, 0 errors, 0 left on base; Nashville 6 - Boston 1 |
BOTTOM OF THE 7TH |
Boston Rebels batting - Pitching for Nashville G-Strings : LHP Kip Manning
|
Pitching: RHP Noriyuki Matsui
|
|
Batting: LHB Gabriel Aragón
|
0-0: Swinging Strike 0-1: Ball 1-1: Ball 2-1: Ball 3-1: Called Strike 3-2: Base on Balls
|
Batting: RHB Yaichiro Sugahara
|
0-0: Called Strike 0-1: Foul Ball, location: 2F 0-2: Strikes out swinging
|
Batting: RHB Ed Watkins
|
0-0: Called Strike 0-1: Ball 1-1: Called Strike 1-2: Ball 2-2: Foul Ball, location: 2F 2-2: Fly out, F9 (Line Drive, 9LS)
|
Batting: RHB David Rodríguez
|
0-0: Ball 1-0: Swinging Strike 1-1: Fielders Choice at 2nd, 6-4 (Groundball, 6)
|
Bottom of the 7th over - 0 runs, 0 hits, 0 errors, 1 left on base; Nashville 6 - Boston 1 |
TOP OF THE 8TH |
Nashville G-Strings batting - Pitching for Boston Rebels : LHP Leonard Horton
|
Batting: RHB Wilfred Martin
|
0-0: Ball 1-0: Fly out, F8 (Line Drive, 8RXD)
|
Batting: RHB Jesús Cabrera
|
0-0: Ball 1-0: SOLO HOME RUN (Flyball, 7LD), Distance : 352 ft
|
Batting: LHB Miguel Rivería
|
0-0: Ball 1-0: Ball 2-0: Called Strike 2-1: DOUBLE (Line Drive, 9LM)
|
Batting: LHB Richard Olvera
|
0-0: Called Strike 0-1: Ball 1-1: Foul Ball, location: 2F 1-2: Foul Ball, location: 2F 1-2: Strikes out swinging
|
Batting: RHB Eric Thompson
|
0-0: Called Strike 0-1: Foul Ball, location: 2F 0-2: Ball 1-2: Foul Ball, location: 2F 1-2: Foul Ball, location: 2F 1-2: Ball 2-2: Ball 3-2: Base on Balls
|
Batting: SHB Ricardo Arévalo
|
0-0: Ball 1-0: Foul Ball, location: 2F 1-1: Swinging Strike 1-2: Ball 2-2: Ground out 3-1 (Groundball, 34S)
|
Top of the 8th over - 1 run, 2 hits, 0 errors, 2 left on base; Nashville 7 - Boston 1 |
BOTTOM OF THE 8TH |
Boston Rebels batting - Pitching for Nashville G-Strings : RHP Noriyuki Matsui
|
Batting: SHB Ismael Sánchez
|
0-0: Ball 1-0: Fly out, F8 (Flyball, 8RXD)
|
Batting: LHB Frank Jackson
|
0-0: Called Strike 0-1: SINGLE (Groundball, 56D)
|
Batting: RHB Randy Simons
|
0-0: Ball 1-0: Swinging Strike 1-1: Foul Ball, location: 2F 1-2: Strikes out swinging
|
Batting: LHB Ricardo Brandariz
|
0-0: Ball 1-0: Called Strike 1-1: Ball 2-1: Foul Ball, location: 2F 2-2: Strikes out swinging
|
Bottom of the 8th over - 0 runs, 1 hit, 0 errors, 1 left on base; Nashville 7 - Boston 1 |
TOP OF THE 9TH |
Nashville G-Strings batting - Pitching for Boston Rebels : LHP Leonard Horton
|
Pitching: RHP Juan Álvarez
|
|
Batting: RHB Sergio Márquez
|
0-0: Called Strike 0-1: Ball 1-1: Ball 2-1: Foul Ball, location: 2F 2-2: Ball 3-2: Fly out, F7 (Flyball, 78S)
|
Batting: SHB Rob Grun
|
0-0: Swinging Strike 0-1: Swinging Strike 0-2: Ball 1-2: Foul Ball, location: 2F 1-2: Strikes out swinging
|
Batting: LHB Bob Cunningham
|
0-0: Ball 1-0: Ball 2-0: SOLO HOME RUN (Flyball, 7LD), Distance : 369 ft
|
Batting: RHB Wilfred Martin
|
0-0: Ball 1-0: Foul Ball, location: 2F 1-1: Foul Ball, location: 2F 1-2: Ball 2-2: Strikes out swinging
|
Top of the 9th over - 1 run, 1 hit, 0 errors, 0 left on base; Nashville 8 - Boston 1 |
BOTTOM OF THE 9TH |
Boston Rebels batting - Pitching for Nashville G-Strings : RHP Noriyuki Matsui
|
Now at SS: Jorge Flores
|
|
Batting: RHB Tony Long
|
0-0: Ball 1-0: Swinging Strike 1-1: Ground out 5-3 (Groundball, 5)
|
Batting: LHB Gabriel Aragón
|
0-0: Ball 1-0: Swinging Strike 1-1: Ground out 5-3 (Groundball, 56S)
|
Batting: RHB Yaichiro Sugahara
|
0-0: Ball 1-0: Ground out 3-1 (Groundball, 34S)
|
Bottom of the 9th over - 0 runs, 0 hits, 0 errors, 0 left on base; Nashville 8 - Boston 1 |
|